 Dungeon Crawl Stone Soup version 0.22-a0-305-gd21a89c (webtiles) character file.

383 grindst0ne the Magician (level 6, -7/32 HPs)
             Began as a Deep Elf Air Elementalist on Mar 28, 2018.
             Shot with an arrow by a centaur (10 damage)
             ... on level 5 of the Dungeon.
             The game lasted 00:10:24 (4343 turns).

grindst0ne the Magician (Deep Elf Air Elementalist) Turns: 4343, Time: 00:10:24

Health: -7/32      AC:  4    Str:  5    XL:     6   Next: 47%
Magic:  0/15       EV: 15    Int: 22    God:
Gold:   281        SH:  0    Dex: 15    Spells: 3/15 levels left

rFire    . . .     SeeInvis .   d - +0 whip (venom)
rCold    . . .     Gourm    .   (no shield)
rNeg     . . .     Faith    .   a - +0 robe
rPois    +         Spirit   .   m - +0 helmet
rElec    .         Reflect  .   e - +0 cloak
rCorr    .         Harm     .   (no gloves)
MR       .....                  (no boots)
Stlth    ++........             (no amulet)
HPRegen  0.10/turn              h - +2 ring of evasion
MPRegen  0.14/turn              t - ring of poison resistance

@: very slightly contaminated, hasted, invisible, very quick
A: no striking features
a: no special abilities


You were on level 5 of the Dungeon.
You were very hungry.

You visited 1 branch of the dungeon, and saw 5 of its levels.
You also visited: Sewer.

You collected 281 gold pieces.

Inventory:

Hand Weapons
 d - a +0 whip of venom (weapon)
Armour
 a - a +0 robe (worn)
 e - a +0 cloak (worn)
 m - a +0 helmet (worn)
Jewellery
 h - a +2 ring of evasion (left hand)
 r - an uncursed ring of protection from cold
 s - an uncursed ring of see invisible
 t - a ring of poison resistance (right hand)
Wands
 u - a wand of disintegration (16)
Scrolls
 f - 5 scrolls of remove curse {unknown}
 i - 5 scrolls of identify {unknown}
 j - a scroll of amnesia {unknown}
 p - a scroll of random uselessness {unknown}
 q - 3 scrolls of fear {unknown}
 w - a scroll of magic mapping {unknown}
 x - a scroll of immolation {unknown}
 y - 2 scrolls of teleportation {unknown}
Potions
 b - a potion of haste
 k - a potion of agility {unknown}
 l - a potion of might
 n - a potion of curing {unknown}
 o - a potion of berserk rage {unknown}
Comestibles
 c - 8 rations


   Skills:
 - Level 2.4 Dodging
 - Level 2.4 Stealth
 + Level 5.1 Spellcasting
 + Level 3.6 Conjurations
 + Level 2.2 Summonings
 + Level 2.4 Translocations
 + Level 4.4 Air Magic


You had 3 spell levels left.
You knew the following spells:

 Your Spells              Type           Power        Failure   Level  Hunger
a - Shock                 Conj/Air       ###.         1%          1    None
b - Static Discharge      Conj/Air       ###.....     5%          3    ##.....
c - Blink                 Tloc           N/A          5%          2    None
d - Mephitic Cloud        Conj/Pois/Air  ###.....     10%         3    ##.....
e - Call Imp              Summ           ###.....     6%          2    None
f - Animate Skeleton      Necr           N/A          10%         1    None


Dungeon Overview and Level Annotations

Branches:
Dungeon (5/15)
 Temple: D:4-7

Altars:
Cheibriados

Annotations:
D:5 Eustachio


Message History

* * * LOW HITPOINT WARNING * * *
The centaur shoots an arrow.
The arrow barely misses you.
Found a dark potion.
Casting: Blink (safe; 5% risk of failure)
Confirm with . or Enter, or press ? or * to list all spells.
You miscast Blink.
You feel a wrenching sensation.
The centaur shoots an arrow.
The arrow hits you.
* * * LOW HITPOINT WARNING * * *
Eustachio mumbles some strange words.
Okay, then.
It was a potion of haste.
You feel yourself speed up.
The howler monkey hoots and howls with incredible vigour!
The hound stops to sniff the ground.
Eustachio mumbles some strange words.
It was a potion of invisibility.
You fade into invisibility!
The centaur shoots an arrow.
The arrow completely misses you.
The iron imp disappears for a moment.
Eustachio twirls his moustache.
The centaur shoots an arrow.
The arrow hits you!
You die...

..#...(.........
.5...)..(5..5### .
..........5.c..# ..
............@..#####.
...........rr.......
............hh.$..#####.
.......................
.....>........(........
.....##........@.......
.........(.......
.......Z........
...........!....
########........
......... #........
#........


You could see Eustachio, a centaur, a howler monkey, a hound, an iron imp, a
crimson imp, an ufetubus, a worker ant zombie and 2 rats.

Vanquished Creatures
  A phantom (D:4)
  A crocodile (Sewer)
  A hound (D:4)
  An orc wizard (D:4)
  A worker ant (D:4)
  Robin (D:3)
  5 adders
  A worm (D:4)
  3 dart slugs
  2 leopard geckos
  5 orcs
  A ball python (D:4)
  5 giant cockroaches
  10 hobgoblins
  5 jackals (D:4)
  5 kobolds
  3 quokkas
  10 bats
  6 frilled lizards
  9 goblins
  A quokka skeleton (D:4)
  7 rats
84 creatures vanquished.

Notes
Turn   | Place    | Note
-------+----------+-------------------------------------------
     0 | D:1      | grindst0ne the Deep Elf Air Elementalist began the quest for the Orb.
     0 | D:1      | Reached XP level 1. HP: 10/10 MP: 6/6
   182 | D:1      | Reached XP level 2. HP: 15/15 MP: 1/8
  1079 | D:2      | Reached XP level 3. HP: 17/19 MP: 7/10
  1103 | D:2      | Learned a level 3 spell: Static Discharge
  1358 | D:2      | Learned a level 2 spell: Blink
  1362 | D:2      | Learned a level 3 spell: Mephitic Cloud
  1404 | D:2      | Reached skill level 4 in Spellcasting
  1868 | D:3      | Found a glowing drain.
  1876 | D:3      | Noticed Robin
  1888 | D:3      | Reached XP level 4. HP: 22/24 MP: 6/12
  1902 | D:3      | Killed Robin
  1989 | D:3      | Reached skill level 1 in Translocations
  2079 | D:3      | Learned a level 2 spell: Call Imp
  2080 | Sewer    | Entered a sewer
  2151 | Sewer    | Noticed a crocodile
  2170 | Sewer    | Killed a crocodile
  2170 | Sewer    | Reached skill level 1 in Summonings
  2170 | Sewer    | Reached XP level 5. HP: 28/28 MP: 4/13
  2228 | Sewer    | Learned a level 1 spell: Animate Skeleton
  2455 | D:3      | Found a snail-covered altar of Cheibriados.
  2936 | D:5      | Entered Level 5 of the Dungeon
  3554 | D:4      | Noticed a phantom
  3580 | D:4      | Killed a phantom
  3580 | D:4      | Reached skill level 5 in Spellcasting
  3580 | D:4      | Reached XP level 6. HP: 11/32 MP: 0/15
  4323 | D:5      | Noticed Eustachio
  4343 | D:5      | Shot with an arrow by a centaur

Vault maps used:
D:1:      minmay_arrival_cross
D:3:      cheibriados_altar_1, gup_sewer_entry_glass, uniq_robin
D:4:      first_ration, minmay_ruptured
D:5:      uniq_eustachio
Sewer:    sewer_big_baddie

Skill      XL: |  1  2  3  4  5 |
---------------+----------------+-----
Conjurations   | 2 3 |  3.6
Spellcasting   | 4 5 |  5.1
Translocations | 1 2 |  2.4
Summonings     | 1 2 |  2.2
Air Magic      | 4 |  4.4
Dodging        | |  2.4
Stealth        | |  2.4

Action                   |  1- 3 |  4- 6 || total
-------------------------+-------+-------++-------
Melee: Whip              |    40 |    10 ||    50
       Unarmed           |     2 |       ||     2
 Cast: Shock             |    51 |    67 ||   118
       Blink             |     1 |     3 ||     4
       Call Imp          |       |     3 ||     3
       Static Discharge  |       |    16 ||    16
       Mephitic Cloud    |       |     1 ||     1
Evoke: Wand              |       |     1 ||     1
  Use: Potion            |       |     2 ||     2
 Stab: Sleeping          |     1 |       ||     1
  Eat: Chunk             |     2 |     8 ||    10
Armor: Robe              |    12 |    13 ||    25
Dodge: Dodged            |    45 |    32 ||    77

Table legend:
 A = Spawn XP
 B = Non-spawn XP
 C = Spawn XP percentage of total XP
 D = Spawn monster count
 E = Non-spawn monster count
 F = Spawn count percentage of total count
 G = Total turns spent on level
                    A         B        C        D         E        F      G
               +---------+---------+-------+---------+---------+-------+---------
         Total |       0 |     548 |   0.0 |       0 |      84 |   0.0 |  4343
               +---------+---------+-------+---------+---------+-------+---------
           D:1 |       0 |      28 |   0.0 |       0 |      18 |   0.0 |   835
           D:2 |       0 |      57 |   0.0 |       0 |      18 |   0.0 |   938
           D:3 |       0 |      57 |   0.0 |       0 |      18 |   0.0 |   913
           D:4 |       0 |     306 |   0.0 |       0 |      23 |   0.0 |  1078
           D:5 |       0 |       3 |   0.0 |       0 |       1 |   0.0 |   427
         Sewer |       0 |      97 |   0.0 |       0 |       6 |   0.0 |   152
               +---------+---------+-------+---------+---------+-------+---------
